Map: Cyber Forest LE

Players

PeLLy

  • Race: Zerg Zerg
  • League: Diamond
  • Spawn Location: 5:00

bigfoot - Winner!

  • Race: Terran Terran
  • League: Platinum
  • Spawn Location: 11:00

VOD

Have the link to the VOD?

Description

Time

  • Played on: Aug. 13, 2019, 4:10 p.m.
  • Length: 8:45
Show
View Real Time Build Order
Export as new Build Order

PeLLy Zerg 

Build Orders: Hatch First 

Get SALT Encoding   

  12  0:01  Drone  
  13  0:16  Overlord  
  13  0:23  Drone  
  14  0:36  Drone x2  
  14  0:39  Drone  
  17  0:57  Drone, Hatchery  
  17  1:07  Drone, Extractor  
  17  1:21  Spawning Pool  
  17  1:22  Drone  
  17  1:24  Drone  
  18  1:33  Drone  
  19  1:43  Overlord  
  19  1:54  Drone  
  21  2:15  Queen, Zergling x4  
  25  2:17  Extractor  
  25  2:20  Spine Crawler  
  23  2:27  Roach Warren  
  22  2:30  Spine Crawler  
  22  2:31  Spine Crawler  
  20  2:41  Drone x2  
  22  3:02  Overlord x2  
  22  3:11  Overlord  
  22  3:19  Queen  
  24  3:32  Roach x4  
  32  3:40  Drone  
  33  3:55  Ravager x4  
  33  4:56  Drone  
  33  4:57  Drone x5  
  39  5:01  Lair  
  39  5:03  Hatchery  
  38  5:23  Drone x2  
  40  5:45  Overlord x2  
  40  5:51  Roach  
  42  6:02  Queen  
  44  6:07  Nydus Network  
  43  6:12  Drone  
  43  6:13  Drone  
  43  6:18  Extractor  
  44  6:26  Drone x3  
  47  6:35  Roach  
  49  6:46  Queen  
  51  6:50  Roach x2, Baneling Nest  
  51  6:51  Roach x3  
  51  6:53  Overlord  
  60  6:57  Roach  
  60  7:01  Spore Crawler  
  61  7:03  Spore Crawler  
  61  7:07  Roach  
  61  7:08  Roach  
  64  7:22  Roach x6  
  76  7:24  Overlord  
  76  7:30  Spire  
  76  7:35  Nydus Canal  
  75  7:42  Roach x3  
  75  7:44  Overlord  
  81  8:06  Drone  
  81  8:07  Drone x7  
Show
View Real Time Build Order
Export as new Build Order

bigfoot Terran - Winner!

Build Orders:  

Get SALT Encoding   

  12  0:00  SCV  
  13  0:12  SCV  
  14  0:19  Supply Depot  
  14  0:24  SCV  
  15  0:41  SCV  
  15  0:42  Barracks  
  16  0:54  Supply Depot  
  16  0:58  SCV  
  17  1:05  Supply Depot  
  17  1:10  SCV  
  18  1:22  SCV  
  19  1:29  Marine  
  20  1:33  Bunker  
  20  1:36  Barracks  
  20  1:43  Refinery  
  20  1:45  SCV  
  20  1:47  Marine  
  22  2:04  Marine  
  22  2:05  Bunker  
  23  2:15  Orbital Command  
  23  2:21  Refinery  
  23  2:22  Marine  
  23  2:24  Marine  
  25  2:40  Marine  
  25  2:41  Supply Depot  
  26  2:48  Marine  
  27  2:58  Marine  
  28  3:14  Factory  
  28  3:19  Command Center  
  28  3:28  Marine x2  
  28  3:34  SCV  
  31  3:46  SCV, Marine x2  
  34  4:04  Marine x2  
  36  4:10  Engineering Bay  
  36  4:11  Factory Tech Lab  
  36  4:17  Engineering Bay  
  36  4:22  Marine  
  34  4:42  Siege Tank  
  34  4:50  Marine x2  
  36  5:06  SCV  
  37  5:07  Marine x2  
  37  5:08  Starport  
  39  5:14  Siege Tank  
  39  5:18  SCV  
  44  5:22  Orbital Command  
  43  5:30  SCV  
  44  5:39  Marine x2  
  44  5:42  SCV  
  47  5:44  Starport Tech Lab  
  47  5:46  Siege Tank  
  50  5:54  SCV  
  50  5:57  Marine x2  
  51  6:03  Cloaking Field  
  53  6:06  Supply Depot  
  53  6:12  SCV  
  53  6:13  SCV  
  53  6:14  Marine  
  53  6:15  Marine  
  57  6:21  Banshee  
  60  6:35  SCV  
  60  6:36  SCV  
  62  6:45  Starport  
  62  6:47  SCV, Factory Tech Lab  
  62  6:49  SCV  
  64  7:01  Supply Depot  
  64  7:06  Siege Tank  
  67  7:10  Banshee  
  72  7:22  SCV x2  
  72  7:23  Supply Depot  
  72  7:40  Engineering Bay  
  72  7:43  Starport Tech Lab, Siege Tank  
  75  7:51  Orbital Command  
  75  7:53  Banshee  
  72  8:29  Command Center  
Tags
 
Add a new tag
Caveats
  • Supply blocks, unpowered buildings, or Contaminate may cause inaccurate times.
  • Supply counts are checked every 10 seconds.